Map: Concord LE

Players

briken

  • Race: Zerg Zerg

Ash

  • Race: Protoss Protoss

PsYcHiCmOn

  • Race: Terran Terran
  • League: Master

Michael

  • Race: Terran Terran

Tex

  • Race: Terran Terran

Babatine

  • Race: Terran Terran

DikWikky

  • Race: Zerg Zerg

LOTVoidTARD

  • Race: Terran Terran

VOD

Have the link to the VOD?

Description

Time

  • Played on: March 5, 2022, 9:38 a.m.
  • Length: 7:23
Show
View Real Time Build Order
Export as new Build Order

briken Zerg 

Build Orders: Pool First, Lurkers 

Get SALT Encoding   

  12  0:12  Drone  
  12  0:13  Drone  
  14  0:17  Overlord  
  14  0:36  Drone  
  14  0:37  Drone  
  16  0:48  Spawning Pool  
  15  0:51  Drone  
  15  0:56  Drone  
  17  1:17  Hatchery  
  16  1:20  Overlord  
  16  1:23  Drone  
  17  1:27  Extractor  
  17  1:29  Extractor  
  15  1:37  Queen  
  17  1:41  Drone  
  17  1:43  Drone  
  19  1:52  Drone  
  20  2:06  Drone  
  21  2:21  Lair  
  21  2:25  Drone  
  21  2:26  Drone  
  23  2:31  Drone  
  24  2:41  Drone x2  
  26  2:45  Drone  
  27  2:53  Drone  
  27  2:56  Drone x3  
  31  3:02  Drone  
  32  3:08  Drone  
  33  3:17  Drone  
  34  3:24  Hydralisk Den  
  34  3:26  Drone x3  
  36  3:28  Overlord  
  36  3:31  Extractor  
  35  3:35  Extractor  
  35  3:39  Infestation Pit  
  35  3:41  Drone x3  
  36  3:52  Evolution Chamber  
  36  3:54  Evolution Chamber  
  34  3:56  Drone  
  34  3:57  Drone x3  
  38  4:13  Lurker Den  
  37  4:17  Hive  
  37  4:20  Zerg Missile Weapons Level 1  
  37  4:22  Zerg Ground Armor Level 1  
  37  4:25  Hydralisk  
  37  4:26  Hydralisk  
  41  4:33  Zergling x2  
  41  4:34  Zergling x4  
  44  5:04  Overlord x5  
  44  5:05  Overlord  
  43  5:43  Hydralisk x3  
  43  5:44  Hydralisk  
  43  5:45  Hydralisk x2  
  55  5:50  Seismic Spines  
  55  6:17  Lurker x5  
  60  6:32  Lurker x2  
  62  6:40  Pneumatized Carapace  
Show
View Real Time Build Order
Export as new Build Order

Ash Protoss 

Build Orders:  

Get SALT Encoding   

  12  0:01  Probe (Chrono Boost)  
  13  0:17  Probe  
  14  0:29  Probe, Pylon  
  15  0:47  Probe  
  16  0:50  Forge  
  16  0:59  Probe (Chrono Boost)  
  18  1:11  Gateway, Probe (Chrono Boost)  
  18  1:15  Assimilator  
  18  1:16  Probe (Chrono Boost)  
  19  1:19  Pylon  
  19  1:25  Probe  
  20  1:37  Probe  
  20  1:39  Pylon  
  21  1:40  Photon Cannon  
  21  1:59  Photon Cannon  
  21  2:02  Photon Cannon  
  21  2:23  Photon Cannon  
  20  2:39  Pylon  
  20  2:43  Photon Cannon  
  20  2:50  Pylon  
  20  2:56  Photon Cannon  
  20  3:03  Photon Cannon  
  20  3:06  Photon Cannon  
  20  3:10  Photon Cannon  
  20  3:12  Pylon  
  20  3:20  Photon Cannon  
  20  3:36  Probe (Chrono Boost)  
  21  3:46  Assimilator  
  21  3:47  Probe (Chrono Boost)  
  22  3:52  Probe (Chrono Boost)  
  22  3:55  Photon Cannon  
  23  4:03  Probe, Photon Cannon  
  23  4:09  Photon Cannon  
  24  4:15  Probe  
  25  4:28  Zealot (Chrono Boost)  
  27  4:42  Gateway  
  27  5:06  Cybernetics Core  
  27  5:11  Probe  
  21  5:24  Probe  
  19  5:38  Photon Cannon  
  19  5:40  Photon Cannon  
  19  5:44  Stalker x2  
  23  5:50  Probe (Chrono Boost)  
  23  5:52  Photon Cannon  
  24  6:00  Probe (Chrono Boost)  
  24  6:03  Photon Cannon  
  25  6:05  Probe (Chrono Boost)  
  26  6:16  Probe  
  27  6:28  Probe  
  27  6:31  Stalker x2  
  32  7:04  Nexus  
  32  7:14  Pylon  
Show
View Real Time Build Order
Export as new Build Order

PsYcHiCmOn Terran 

Build Orders: 1/1/1 

Get SALT Encoding   

  12  0:00  SCV  
  13  0:13  SCV  
  14  0:18  Supply Depot  
  14  0:25  SCV  
  15  0:28  Refinery  
  15  0:40  SCV  
  16  0:46  Barracks  
  16  0:52  SCV  
  17  0:57  Refinery  
  18  1:04  SCV  
  18  1:16  SCV  
  19  1:33  Factory  
  19  1:34  Orbital Command  
  19  1:39  Barracks Reactor  
  19  1:48  Supply Depot  
  19  2:00  SCV  
  20  2:12  SCV  
  20  2:15  Marine x2  
  23  2:18  Starport  
  23  2:20  Factory Tech Lab  
  23  2:24  SCV  
  24  2:30  Supply Depot  
  24  2:33  Marine  
  24  2:36  Marine  
  26  2:44  Siege Tank  
  26  2:49  SCV  
  30  2:51  Marine  
  30  2:54  Marine  
  32  3:02  SCV  
  33  3:16  Medivac, Siege Tank  
  38  3:21  Medivac  
  38  3:23  Marine  
  38  3:26  SCV  
  42  3:41  Marine  
  43  3:51  Fusion Core  
  43  3:58  SCV  
  44  4:10  SCV  
  44  4:13  Command Center  
  45  4:22  SCV  
  46  4:34  SCV  
  46  4:45  Supply Depot  
  46  4:48  Command Center  
  46  4:59  SCV  
  47  5:17  Battlecruiser  
  53  5:28  SCV  
  54  5:44  SCV  
  55  5:52  Command Center  
  55  5:53  Starport, Armory  
  55  5:59  SCV  
  55  6:01  Supply Depot  
  46  6:19  SCV  
  46  6:21  Orbital Command  
  44  6:45  SCV  
  44  6:46  Widow Mine  
  55  6:47  Widow Mine  
  55  6:48  Orbital Command  
  55  6:49  Starport Tech Lab  
  55  7:00  SCV  
  56  7:17  Refinery  
  56  7:20  Refinery  
Show
View Real Time Build Order
Export as new Build Order

Michael Terran 

Build Orders:  

Get SALT Encoding   

  12  0:00  SCV  
  13  0:12  SCV  
  14  0:17  Supply Depot  
  14  0:25  SCV  
  15  0:39  SCV  
  15  0:41  Barracks  
  16  0:51  Refinery, SCV  
  17  1:03  SCV  
  18  1:15  SCV  
  19  1:28  Orbital Command  
  19  1:36  Command Center  
  19  1:41  Marine  
  19  1:45  Refinery  
  20  1:52  Supply Depot  
  20  1:55  SCV  
  20  1:59  Marine  
  22  2:07  SCV  
  23  2:14  Factory  
  23  2:18  Marine  
  23  2:19  SCV  
  25  2:26  Supply Depot  
  25  2:32  SCV  
  25  2:36  Marine  
  27  2:44  SCV  
  27  2:47  Orbital Command  
  28  2:51  Engineering Bay  
  28  2:56  Marine  
  28  2:57  SCV  
  30  3:06  Barracks  
  30  3:09  SCV  
  30  3:10  Factory Tech Lab  
  31  3:13  SCV, Marine  
  33  3:21  SCV  
  33  3:24  Missile Turret  
  33  3:25  SCV  
  35  3:28  Missile Turret  
  35  3:32  Siege Tank  
  38  3:39  Barracks Tech Lab  
  38  3:41  Terran Infantry Weapons Level 1, SCV  
  38  3:45  SCV  
  38  3:48  Supply Depot  
  40  3:54  SCV  
  40  3:55  Factory  
  41  3:57  SCV  
  42  4:06  SCV  
  42  4:07  Combat Shield  
  42  4:08  Marine  
  42  4:09  SCV, Barracks Reactor  
  45  4:18  SCV  
  45  4:19  Refinery  
  45  4:21  SCV  
  45  4:23  Refinery  
  47  4:30  SCV, Marine  
  49  4:33  SCV  
  49  4:36  Siege Tank  
  53  4:39  Factory Tech Lab  
  53  4:43  SCV, Barracks  
  54  4:45  SCV  
  54  4:49  Marine  
  56  4:57  Command Center  
  56  4:58  Marine x2  
  57  5:07  Marine  
  58  5:21  Siege Tank  
  61  5:22  Marine  
  62  5:49  Barracks Reactor  
  62  5:52  Missile Turret  
  62  5:55  Missile Turret  
  62  5:59  Supply Depot  
  62  6:00  Supply Depot x2  
  62  6:09  Siege Tank x2, SCV x2, Marine x3  
  73  6:14  Engineering Bay  
  73  6:18  Missile Turret  
  73  6:19  Missile Turret  
  73  6:21  SCV x2  
  75  6:27  Marine x3  
  75  6:29  Marine  
  75  6:30  Marine  
  80  6:35  SCV x2  
  80  6:36  Armory  
  82  6:40  Orbital Command  
  82  6:44  Missile Turret, Marine x3  
  85  6:47  Supply Depot, Marine  
  85  6:50  Supply Depot  
  85  6:51  Siege Tank  
  92  6:58  Armory  
  92  6:59  SCV  
  92  7:00  SCV  
  94  7:01  Barracks  
  94  7:02  Marine x3  
  99  7:21  Missile Turret  
Show
View Real Time Build Order
Export as new Build Order

Tex Terran 

Build Orders: Gas First Reaper Expand 

Get SALT Encoding   

  12  0:01  SCV  
  13  0:13  SCV  
  14  0:21  Supply Depot  
  14  0:26  Refinery  
  14  0:29  SCV  
  15  0:44  Barracks  
  15  0:52  SCV  
  16  1:04  SCV  
  17  1:16  SCV  
  18  1:28  SCV  
  18  1:32  Reaper  
  20  1:39  Command Center  
  20  1:42  SCV  
  21  1:54  Supply Depot  
  21  2:06  Factory  
  21  2:16  Orbital Command  
  21  2:37  Refinery  
  21  2:39  Barracks Tech Lab  
  21  2:46  Engineering Bay  
  21  2:53  Factory Reactor  
  21  3:22  Stimpack  
  21  3:27  Barracks  
  21  3:31  Starport  
  21  3:33  SCV  
  22  3:39  Missile Turret  
  22  3:41  Orbital Command  
  22  3:46  SCV  
  23  3:49  Marine  
  26  3:58  SCV  
  25  4:07  Starport Reactor  
  25  4:10  SCV x2  
  25  4:13  Factory Tech Lab  
  27  4:20  Marine  
  27  4:22  SCV x2  
  30  4:29  Marine x2  
  32  4:34  Siege Tank, SCV x2  
  32  4:37  Marine  
  38  4:46  SCV, Marine  
  38  4:47  Marine  
  41  4:54  Medivac x2  
  41  4:55  Marine  
  46  5:11  Combat Shield  
  46  5:19  Supply Depot  
  46  5:28  Supply Depot  
  46  5:32  Supply Depot  
  46  5:40  SCV x2, Marine x3  
  49  5:50  Siege Tank  
  49  5:52  SCV x2  
  54  5:58  Marine x3  
  57  6:16  Marine x3  
  52  6:18  SCV  
  53  6:30  SCV  
  52  6:33  Marine x3  
  52  6:35  Refinery  
  52  6:36  Refinery  
  52  6:38  Missile Turret  
  52  6:42  Missile Turret, SCV  
  52  6:43  Missile Turret x2  
  50  6:51  Marine x3  
  49  6:55  SCV  
  49  7:15  Command Center  
Show
View Real Time Build Order
Export as new Build Order

Babatine Terran 

Build Orders: Command Center First (CC) 

Get SALT Encoding   

  12  0:03  SCV  
  13  0:18  SCV  
  14  0:27  Supply Depot  
  14  0:30  SCV  
  15  0:49  SCV  
  16  1:04  Command Center  
  16  1:06  SCV  
  16  1:09  Refinery  
  17  1:15  Refinery  
  17  1:18  SCV  
  18  1:30  SCV  
  19  1:32  Engineering Bay  
  19  1:43  SCV  
  20  1:55  SCV  
  21  2:07  SCV  
  21  2:19  Planetary Fortress  
  21  2:26  SCV  
  21  2:38  Hi-Sec Auto Tracking  
  21  2:41  SCV  
  21  2:43  Barracks  
  22  3:02  SCV  
  23  3:10  SCV  
  24  3:14  SCV  
  25  3:26  SCV  
  26  3:37  Factory  
  26  3:39  SCV  
  27  3:53  SCV  
  28  4:16  Command Center  
  28  4:20  Factory Tech Lab  
  28  4:29  Missile Turret  
  17  4:57  Marine  
  15  5:19  Siege Tank  
  17  6:34  Engineering Bay  
Show
View Real Time Build Order
Export as new Build Order

DikWikky Zerg 

Build Orders: Hatch First 

Get SALT Encoding   

  12  0:00  Drone  
  13  0:08  Drone  
  14  0:36  Hatchery  
  14  0:40  Drone  
  14  0:55  Spawning Pool  
  13  0:58  Extractor  
  13  1:00  Drone  
  13  1:08  Drone  
  14  1:22  Overlord  
  14  1:44  Drone x3  
  17  1:47  Extractor  
  17  1:48  Queen  
  18  1:59  Queen  
  20  2:05  Zergling x2  
  21  2:09  Zergling x2  
  21  2:13  Zergling x2  
  23  2:16  Zergling x2  
  23  2:22  Zergling x2  
  25  2:30  Zergling x2  
  25  2:34  Zergling x2  
  27  2:44  Drone  
  27  2:46  Overlord  
  28  2:59  Overlord  
  28  3:12  Lair  
  28  3:16  Drone x2  
  28  3:19  Drone  
  31  3:22  Drone  
  32  3:27  Drone  
  32  3:31  Drone  
  34  3:38  Metabolic Boost  
  32  3:58  Drone x3  
  32  4:00  Drone x3  
  38  4:03  Extractor  
  38  4:07  Drone, Extractor  
  38  4:08  Drone  
  38  4:37  Drone x3  
  41  4:38  Spire  
  41  4:40  Drone x3  
  41  4:41  Drone  
  41  4:43  Overlord  
  41  5:08  Drone  
  41  5:10  Drone x3  
  41  5:11  Drone  
  41  5:12  Drone x5  
  49  5:20  Zergling x2  
  50  5:22  Zergling x4  
  50  5:23  Overlord  
  52  5:41  Zergling x8  
  52  5:42  Zergling x2  
  57  5:46  Zergling x6  
  57  5:47  Overlord x2  
  57  6:28  Mutalisk x5  
  57  6:29  Mutalisk  
  57  6:30  Nydus Network, Mutalisk x4  
  57  6:32  Overlord  
  76  6:45  Overlord  
Show
View Real Time Build Order
Export as new Build Order

LOTVoidTARD Terran 

Build Orders:  

Get SALT Encoding   

  12  0:00  SCV  
  13  0:12  SCV  
  14  0:19  Supply Depot  
  14  0:25  SCV  
  15  0:40  SCV  
  16  0:46  Barracks  
  16  0:49  Refinery  
  16  0:52  SCV  
  17  1:04  SCV  
  18  1:16  SCV  
  19  1:36  Orbital Command, Barracks Reactor  
  19  1:48  Command Center  
  19  1:51  Supply Depot  
  19  1:57  Barracks  
  19  2:01  SCV  
  20  2:15  Refinery  
  20  2:18  Factory  
  20  2:20  SCV  
  21  2:24  Marine  
  21  2:27  Marine  
  23  2:32  SCV  
  24  2:45  SCV  
  24  2:48  Barracks Tech Lab, Marine x2  
  27  2:57  SCV  
  28  3:02  Orbital Command  
  27  3:09  Factory Reactor  
  27  3:11  Starport, Marine  
  27  3:12  Marine x2  
  30  3:16  SCV  
  31  3:24  Stimpack  
  31  3:31  Marine  
  31  3:33  SCV  
  31  3:34  SCV, Marine  
  34  3:36  Marine  
  36  3:43  Supply Depot  
  36  3:46  SCV  
  37  3:53  SCV  
  38  3:56  Medivac  
  38  3:57  Marine  
  38  3:58  SCV, Marine  
  38  3:59  Medivac  
  38  4:02  Marine  
  46  4:05  SCV  
  46  4:09  Supply Depot  
  47  4:11  SCV  
  47  4:15  Factory Tech Lab  
  48  4:17  SCV  
  48  4:19  Marine x2  
  48  4:20  Marine  
  52  4:26  Engineering Bay  
  52  4:28  Barracks  
  52  4:42  SCV x2  
  52  4:44  Marine x2  
  52  4:45  Siege Tank, Marine  
  57  4:47  Medivac  
  62  4:54  Supply Depot  
  62  4:56  Supply Depot  
  62  5:14  SCV  
  62  5:15  SCV  
  62  5:26  SCV  
  53  5:36  Marine x3  
  53  5:37  Siege Tank  
  53  5:38  SCV x2  
  53  5:41  Refinery  
  62  5:44  Refinery  
  62  5:46  Barracks Reactor  
  62  5:49  Barracks  
  61  5:50  SCV  
  61  5:53  Barracks  
  61  5:54  Marine x3  
  65  6:02  SCV x2  
  63  6:04  Supply Depot  
  63  6:11  Supply Depot  
  63  6:12  Supply Depot, Marine x3  
  63  6:13  Siege Tank  
  63  6:15  Medivac  
  71  6:21  Supply Depot  
  71  6:22  Supply Depot  
  71  6:28  Marine  
  71  6:29  Marine  
  71  6:30  Marine x3  
  76  6:36  Command Center  
  76  6:42  SCV x2  
  76  6:44  Missile Turret  
  76  6:45  Marine  
  76  6:46  Missile Turret, Marine  
  80  6:47  Marine, Barracks Reactor  
  80  6:48  Barracks Reactor  
  80  6:50  Marine x2  
  87  7:03  Marine  
  87  7:04  Marine  
Tags
 
Add a new tag
Caveats
  • Supply blocks, unpowered buildings, or Contaminate may cause inaccurate times.
  • Supply counts are checked every 10 seconds.